 Dungeon Crawl Stone Soup version 0.27.1-3-gb3d3a73c9e (webtiles) character file.

Game seed: 17540371699685578117

1725 pkoi the Grappler (level 8, -7/74 HPs)
             Began as a Troll Fighter on Oct 14, 2021.
             Was an Initiate of Makhleb.
             Mangled by a hornet (12 damage)
             ... while paralysed by a hornet
             ... on level 6 of the Dungeon.
             The game lasted 00:08:28 (4752 turns).

pkoi the Grappler (Troll Fighter)                   Turns: 4752, Time: 00:08:29

Health: -7/74      AC:  6    Str: 27    XL:     8   Next: 75%
Magic:  0/7        EV:  1    Int:  4    God:    Makhleb [......]
Gold:   217        SH:  0    Dex:  9    Spells: 7/7 levels left

rFire    + . .     SeeInvis .     - Unarmed
rCold    . . .     Faith    .   b - +0 kite shield
rNeg     . . .     Spirit   +   j - +1 robe {rF+}
rPois    .         Reflect  .   (helmet restricted)
rElec    .         Harm     .   u - +0 cloak
rCorr    .         Rampage  .   (gloves unavailable)
Will     .....                  (boots unavailable)
Stlth    +.........             y - amulet of guardian spirit
HPRegen  1.22/turn              s - +4 ring of evasion
MPRegen  0.10/turn              (no ring)

@: paralysed, mighty, lethally poisoned (-7 -> -8), slowed
A: large, unfitting armour, claws 3, regeneration 1, shaggy fur 1, tough skin 1
a: Renounce Religion


You were on level 6 of the Dungeon.
You worshipped Makhleb.
Makhleb was noncommittal.
You visited 2 branches of the dungeon, and saw 7 of its levels.
You also visited: Sewer.

You collected 217 gold pieces.

Inventory:

Hand Weapons
 t - the +11 hunting sling of Keileubi {venom, Drain Dex+5}
   (You found it on level 4 of the Dungeon)

   Any ammunition fired from it poisons the flesh of those it strikes.
   Dex:       It affects your dexterity (+5).
   Drain:     It drains your maximum health when unequipped.
Missiles
 e - 14 boomerangs (quivered)
Armour
 a - a +0 robe
 b - a +0 kite shield (worn)
 j - a +1 robe of fire resistance (worn)
 u - a +0 cloak (worn)
Jewellery
 s - a +4 ring of evasion (left claw)
 y - an amulet of guardian spirit (around neck)
Wands
 w - a wand of flame (23)
Scrolls
 d - a scroll of fog
 f - 7 scrolls of identify
 g - 5 scrolls of teleportation
 h - a scroll of fear
 n - 3 scrolls of blinking
 r - 2 scrolls of magic mapping
 x - a scroll of torment {unknown}
Potions
 c - a potion of might
 i - 3 potions of attraction
 k - a potion of flight
 l - 2 potions of invisibility
 m - 2 potions of ambrosia
 o - 4 potions of heal wounds
 p - 3 potions of magic
 q - 2 potions of haste
 v - a potion of lignification {unknown}


   Skills:
 - Level 2.4 Fighting
 - Level 2.4 Dodging
 + Level 5.9 Shields
 * Level 9.4 Unarmed Combat
 + Level 0.0 Invocations


You had 7 spell levels left.
You didn't know any spells.
Your spell library contained the following spells:

 Spells                   Type           Power      Damage    Failure   Level
 Animate Skeleton         Necr           0%         N/A       73%         1
 Apportation              Tloc           0%         N/A       73%         1
 Corona                   Hex            0%         N/A       73%         1
 Magic Dart               Conj           0%         1d3       73%         1
 Summon Small Mammal      Summ           0%         N/A       73%         1
 Searing Ray              Conj           0%         3d3       86%         2
 Fulminant Prism          Conj/Hex       0%         3d6       100%        4


Dungeon Overview and Level Annotations

Branches:
Dungeon (6/15)             Temple (1/1) D:4           Sewer (visited)

Altars:
Ashenzari
Cheibriados
Elyvilon
Gozag
Hepliaklqana
Kikubaaqudgha
Makhleb
Nemelex Xobeh
Okawaru
Ru
Sif Muna
Trog
Uskayaw
Vehumet
Wu Jian
Xom
Yredelemnul
Zin
The Shining One

Annotations:
D:6 2 transporters, 2 runed translucent doors, Menkaure; MouseKun's ghost, novice DsFi


Innate Abilities, Weirdness & Mutations

You are too large for most types of armour.
You have claws for hands.
Your natural rate of healing is unusually fast.
You are covered in fur. (AC +1)
You have tough skin. (AC +1)


Message History

* * * LOW HITPOINT WARNING * * *
You shrug off the repeated paralysis!
Unknown command.
You closely miss the hornet.
The hornet is heavily wounded.
You feel yourself speed up.
You feel sick. The hornet stings you.
* * * LOW HITPOINT WARNING * * *
You suddenly lose the ability to move!
The hornet stings you!
* * * LOW HITPOINT WARNING * * *
You shrug off the repeated paralysis!
You can move again.
You closely miss the hornet.
The hornet is heavily wounded.
You feel sick. You block the hornet's attack. The hornet stings you!
* * * LOW HITPOINT WARNING * * *
You feel yourself slow down.
Unknown command.
Unknown command.
Unknown command.
Okay, then.
You feel much better.
You feel sick.
You are no longer poisoned.
The hornet stings you!
* * * LOW HITPOINT WARNING * * *
You feel as though you will be slow longer.
The hornet completely misses you.
You feel very mighty all of a sudden. The hornet stings you.
* * * LOW HITPOINT WARNING * * *
You suddenly lose the ability to move!
The hornet stings you!
* * * LOW HITPOINT WARNING * * *
You are poisoned.
You feel as though you will be slow longer.
You feel very sick. The hornet stings you.
* * * LOW HITPOINT WARNING * * *
You feel as though you will be slow longer.
The hornet stings you!
You die...

...###.............#
#.###.#####
.#.##..........#...# #.#
#.#
.#.##..#.#..#..#...####.#
#.#
.#.##..))...#..#........#
#.#
.#.#....)#.##..#..#######
#.#
.#.##....#.##..#..######
#.#
............#...........(
..#
.#.##########..#.########
##.. .....#@# #### ####.
#y# # #.# #.# ..# #.# ###


You could see a hornet.

Vanquished Creatures
  Sigmund (D:2)
  Duvessa (D:4)
  A water moccasin (D:6)
  A sky beast (D:6)
  A necrophage (D:4)
  A phantom (D:4)
  2 bullfrogs (Sewer)
  A scorpion (D:6)
  A gnoll sergeant (D:6)
  Dowan (D:4)
  2 water moccasin skeletons (D:5)
  A hound (D:4)
  A jelly (D:4)
  3 orc priests (D:6)
  A centaur skeleton (D:5)
  Terence (D:2)
  An iguana (D:4)
  4 orc wizards
  A killer bee zombie (D:5)
  Robin (D:2)
  9 gnolls
  8 adders
  3 river rats (Sewer)
  An adder skeleton (D:4)
  4 worms
  4 dart slugs
  18 orcs
  9 endoplasms
  2 giant cockroaches
  14 goblins
  7 hobgoblins
  6 jackals (D:5)
  4 kobolds
  3 quokkas
  15 ball pythons
  2 bats (D:2)
  9 frilled lizards
  28 rats
173 creatures vanquished.

Notes
Turn   | Place    | Note
-------+----------+-------------------------------------------
     0 | D:1      | pkoi the Troll Fighter began the quest for the Orb.
     0 | D:1      | Reached XP level 1. HP: 22/22 MP: 0/0
    22 | D:1      | Found a faded altar of an unknown god.
   451 | D:1      | Reached XP level 2. HP: 26/29 MP: 1/1
   683 | D:2      | Noticed Sigmund
   691 | D:2      | Killed Sigmund
   692 | D:2      | Reached skill level 4 in Unarmed Combat
   692 | D:2      | Reached XP level 3. HP: 10/36 MP: 2/2
   692 | D:2      | Reached XP level 4. HP: 13/44 MP: 3/3
   692 | D:2      | Reached XP level 5. HP: 14/50 MP: 4/4
  1005 | D:2      | Noticed Terence
  1051 | D:2      | Killed Terence
  1105 | D:2      | Reached skill level 5 in Unarmed Combat
  1113 | D:2      | Noticed Robin
  1125 | D:2      | Killed Robin
  1454 | D:2      | Reached XP level 6. HP: 35/59 MP: 5/5
  1474 | D:3      | Found a glowing drain.
  1494 | Sewer    | Entered a sewer
  1758 | Sewer    | Reached skill level 6 in Unarmed Combat
  1768 | Sewer    | Reached XP level 7. HP: 10/66 MP: 6/6
  2466 | D:4      | Identified the +11 hunting sling of Keileubi {venom, Drain
                  | Dex+5}
  2494 | D:4      | Reached skill level 7 in Unarmed Combat
  2507 | D:4      | Found a staircase to the Ecumenical Temple.
  2533 | Temple   | Entered the Ecumenical Temple
  2692 | Temple   | Became a worshipper of Ru the Awakened
  3018 | D:4      | Noticed Duvessa
  3024 | D:4      | Noticed Dowan
  3025 | D:4      | Killed Duvessa
  3026 | D:4      | Reached skill level 5 in Shields
  3028 | D:4      | Killed Dowan
  3029 | D:4      | Reached XP level 8. HP: 65/74 MP: 7/7
  3158 | D:5      | Entered Level 5 of the Dungeon
  3324 | D:5      | Reached skill level 8 in Unarmed Combat
  3554 | D:5      | Found a radiant altar of Vehumet.
  4011 | D:6      | Found a transporter.
  4016 | D:6      | Found a large runed translucent door.
  4016 | D:6      | Found a transporter.
  4017 | D:6      | Found a large runed translucent door.
  4025 | D:6      | Noticed MouseKun's ghost (novice DsFi)
  4123 | D:6      | Found an ancient bone altar of Kikubaaqudgha.
  4126 | D:6      | Noticed Menkaure
  4171 | D:6      | Reached skill level 9 in Unarmed Combat
  4409 | Temple   | Fell from the grace of Ru
  4409 | Temple   | Became a worshipper of Makhleb the Destroyer
  4634 | D:6      | Found a basalt altar of Yredelemnul.
  4736 | D:6      | Noticed a hornet
  4739 | D:6      | Paralysed by a hornet for 1 turns
  4745 | D:6      | Paralysed by a hornet for 2 turns
  4748 | D:6      | Paralysed by a hornet for 1 turns
  4751 | D:6      | Paralysed by a hornet for 3 turns
  4752 | D:6      | Mangled by a hornet

Illustrated notes

Levels and vault maps discovered:
D:1:      lemuel_arrival_funnel, layout_loops_ring,
          ebering_ecumenical_altar_box, grunt_decor_arrowhead
D:2:      layout_loops_ring, minmay_goblin_outpost, uniq_sigmund, uniq_terence,
          uniq_robin
D:3:      layout_rooms, cheibrodos_sewer_entry_drain
D:4:      minmay_general_purpose_star, layout_basic, minmay_temple_entry_glass,
          uniq_duvessa
D:5:      layout_loops_ring, mainiacjoe_overflow_chevrons, serial_rivers,
          chequers_serial_rivers_micro_a, chequers_serial_rivers_small_a,
          chequers_serial_rivers_micro_c, chequers_serial_rivers_small_3
D:6:      layout_basic, gammafunk_temple_of_torment, ebering_ghost_disaster_area
Temple:   nicolae_temple_elliptical

Skill      XL: |  1  2  3  4  5  6  7  8 |
---------------+-------------------------+-----
Shields        | 3 4 5 |  5.9
Unarmed Combat | 4 5 6 7 9 |  9.4
Fighting       | |  2.4
Dodging        | |  2.4

Action                   |  1- 3 |  4- 6 |  7- 9 || total
-------------------------+-------+-------+-------++-------
Melee: Unarmed           |    28 |   210 |   251 ||   489
  Use: Scroll            |       |     2 |    10 ||    12
       Potion            |       |     2 |     2 ||     4
Armor: Robe              |     4 |    94 |    57 ||   155
Dodge: Dodged            |     8 |    96 |    76 ||   180
Block: Kite shield       |     9 |   138 |   125 ||   272
